 Dungeon Crawl Stone Soup version 0.29-a0-824-gd827844252 (webtiles) character file.

Game seed: 12706021112128688296

1 Malachi the Magician (level 1, 0/15 HPs)
             Began as a Djinni Ice Elementalist on July 9, 2022.
             Frozen to death by an endoplasm (4 damage)
             ... on level 1 of the Dungeon.
             The game lasted 00:00:08 (64 turns).

Malachi the Magician (Djinni Ice Elementalist)        Turns: 64, Time: 00:00:08

Health: 0/15       AC:  2    Str:  7    XL:     1   Next: 22%
Gold:   0          EV: 12    Int: 16    God:
                   SH:  0    Dex: 13

rFire   + + .      SeeInvis .   (no weapon)
rCold   x . .      Faith    .   (no shield)
rNeg    . . .      Spirit   .   a - +0 robe
rPois   ∞          Reflect  .   (no helmet)
rElec   .          Harm     .   (no cloak)
rCorr   .          Rampage  .   (no gloves)
Will    .....                   (boots unavailable)
Stlth   ++........              (no amulet)
HPRegen 0.05/turn               (no ring)
MPRegen 0.00/turn               (no ring)

@: flying
A: sickness immunity, fire resistance 2, cold vulnerability 1, float, innate
caster, HP casting, extra vitality 1
a: no special abilities


You were on level 1 of the Dungeon.
You visited 1 branch of the dungeon, and saw 1 of its levels.

Inventory:

Armour
 a - a +0 robe (worn)


   Skills:
 + Level 2.1 Dodging
 + Level 1.5 Stealth
 + Level 3.3 Spellcasting


You couldn't memorise any spells.
You knew the following spells:

 Your Spells              Type           Power      Damage    Failure   Level
a - Freeze                Ice            52%        1d7       4%          1
b - Frozen Ramparts       Ice            26%        1d4       14%         3
c - Ozocubu's Armour      Ice            13%        N/A       14%         3
d - Hailstorm             Conj/Ice       13%        3d5       43%         4
Your spell library was empty.

Dungeon Overview and Level Annotations

Branches:
Dungeon (1/15)

Altars:


Innate Abilities, Weirdness & Mutations

You are immune to sickness and miasma.
You are immune to poison.
Your flesh is very heat resistant. (rF++)
You are vulnerable to cold. (rC-)
You float through the air rather than walking.
You learn spells naturally, not from books.
Your magical power is your life essence.
You have superior vitality. (+4 MHP)


Message History

You hit the hobgoblin.
The hobgoblin is moderately wounded.
Aiming: Freeze (safe; 4% risk of failure)
Press: ? - help, Q - select action Shift-Dir - straight line, f - hobgoblin
Aim: a hobgoblin (moderately wounded)
You freeze the hobgoblin.
The hobgoblin is almost dead.
The hobgoblin hits you.
An endoplasm comes into view.
There are monsters nearby!
Aiming: Freeze (safe; 4% risk of failure)
Press: ? - help, Q - select action Shift-Dir - straight line, f/p - hobgoblin
Aim: a hobgoblin (almost dead)
You freeze the hobgoblin.
You kill the hobgoblin!
Unknown command.
Found a dagger.
You hit the dart slug.
The dart slug is lightly wounded.
Aiming: Freeze (safe; 4% risk of failure)
Press: ? - help, Q - select action Shift-Dir - straight line, f - dart slug
Aim: a dart slug (lightly wounded)
You freeze the dart slug.
The dart slug is moderately wounded.
The dart slug bites you but does no damage.
Aiming: Freeze (safe; 4% risk of failure)
Press: ? - help, Q - select action Shift-Dir - straight line, f/p - dart slug
Aim: a dart slug (moderately wounded)
You freeze the dart slug!
The dart slug is almost dead.
The dart slug bites you.
Aiming: Freeze (safe; 4% risk of failure)
Press: ? - help, Q - select action Shift-Dir - straight line, f/p - dart slug
Aim: a dart slug (almost dead)
You freeze the dart slug.
You kill the dart slug!
* * * LOW HITPOINT WARNING * * *
The endoplasm freezes you.
You are frozen.
You feel a terrible chill!
You die...

⌠.'.<.# #.#≈≈≈≈≈...# ##
⌠.'...###.#≈≈≈≈≈...#...
..#...#...'≈≈≈≈≈...#.#
#.#####.###'#≈≈≈.....#
+.......+...+≈≈≈...##
##'###+##..(+≈≈≈...#
#≈≈≈≈≈≈≈#+#+#≈≈≈...##
≈≈≈≈≈≈≈≈≈≈≈≈≈≈≈≈....##..
≈≈≈≈≈≈≈≈≈≈≈≈≈≈≈†@J.....#
≈≈≈≈≈≈≈≈≈≈≈≈≈≈≈≈.†.....#
........................
........................
.....###................
###...#####............#
# .#.. ....###...##.##
.... ).... ..


You could see an endoplasm.

Vanquished Creatures
  A dart slug (D:1)
  A hobgoblin (D:1)
2 creatures vanquished.

Notes
Turn   | Place    | Note
-------+----------+-------------------------------------------
     0 | D:1      | Malachi the Djinni Ice Elementalist began the quest for the
                  | Orb.
     0 | D:1      | Malachi set off with the following spells memorised:
                  | Freeze, Frozen Ramparts, Ozocubu's Armour, Hailstorm.
     0 | D:1      | Reached XP level 1. HP: 15/15 MP: 0/0
    64 | D:1      | Frozen to death by an endoplasm

Illustrated notes

Levels and vault maps discovered:
D:1:      dpeg_arrival_castle, layout_rooms,
          shapermc_ecumenical_altar_flowoftime, corexii_leaking_fountain

Action                   || total
-------------------------++-------
Melee: Unarmed           ||     2
 Cast: Freeze            ||     5
Armor: Robe              ||     1

Table legend: (Time is in decaauts)
 A = Elapsed time spent in this place.
 B = Non-inter-level travel time spent in this place.
 C = Inter-level travel time spent in this place.
 D = Time resting spent in this place.
 E = Time spent auto-exploring this place.
 F = Levels seen in this place.
 G = Mean time per level.
                   A        B        C        D        E       F      G
               +--------+--------+--------+--------+--------+-----+--------+
         Total |     64 |     64 |      0 |      0 |     50 |   1 |   64.0 |
       Dungeon |     64 |     64 |      0 |      0 |     50 |   1 |   64.0 |
               +--------+--------+--------+--------+--------+-----+--------+

Top non-repeatable levels by time:
     D:1: 64 daAuts
